 Dungeon Crawl Stone Soup version 0.25-a0-110-ge29c8f2358 (console) character file.

Game seed: 16124232646139463672, levelgen mode: deterministic

224 Kagalorn the Slinger (level 6, -5/39 HPs)
             Began as a Halfling Hunter on Nov 20, 2019.
             Slain by a sky beast (6 damage)
             ... on level 2 of the Dungeon.
             The game lasted 00:09:34 (2789 turns).

Kagalorn the Slinger (Halfling Hunter)              Turns: 2789, Time: 00:09:35

Health: -5/39      AC:  6    Str: 18    XL:     6   Next: 20%
Magic:  6/6        EV: 14    Int: 11    God:
Gold:   178        SH:  0    Dex: 15    Spells: 5/5 levels left

rFire    . . .     SeeInvis .   a - +1 hunting sling
rCold    . . .     Gourm    .   (shield restricted)
rNeg     . . .     Faith    .   t - +0 scale mail
rPois    .         Spirit   .   (no helmet)
rElec    .         Reflect  .   (no cloak)
rCorr    .         Harm     .   (no gloves)
MR       .....                  (no boots)
Stlth    +.........             (no amulet)
HPRegen  0.13/turn              (no ring)
MPRegen  0.10/turn              (no ring)

@: mighty
A: small, mutation resistance 1
a: no special abilities


You were on level 2 of the Dungeon.
You were not hungry.

You visited 1 branch of the dungeon, and saw 3 of its levels.

You collected 178 gold pieces.

Inventory:

Hand Weapons
 a - a +1 hunting sling (weapon)
 b - a +0 short sword
Missiles
 d - 20 sling bullets
 i - 10 stones (quivered)
Armour
 t - a +0 scale mail (worn)
Jewellery
 o - a +1 ring of protection {unknown}
Wands
 p - a wand of clouds (1)
Scrolls
 e - a scroll of blinking {unknown}
 h - 2 scrolls of enchant weapon {unknown}
 j - a scroll of remove curse {unknown}
 k - a scroll of teleportation {unknown}
 n - 2 scrolls of identify {unknown}
 r - a scroll of fog {unknown}
 s - a scroll of noise {unknown}
Potions
 l - a potion of heal wounds {unknown}
 m - a potion of degeneration {unknown}
 q - a potion of brilliance {unknown}
Comestibles
 f - 2 rations


   Skills:
 - Level 2.0 Fighting
 + Level 8.6 Slings
 + Level 3.7 Dodging
 + Level 2.5 Stealth


You had 5 spell levels left.
You didn't know any spells.
Your spell library was empty.

Dungeon Overview and Level Annotations

Branches:
Dungeon (3/15)

Altars:


Innate Abilities, Weirdness & Mutations

You are small and have problems with some larger weapons.
You are somewhat resistant to further mutation.


Message History

You see here a +0 club.
You see here a chain mail.
There is a stone staircase leading up here.
Something hits you.
* * * LOW HITPOINT WARNING * * *
Something shocks you.
* * * LOW HITPOINT WARNING * * *
You climb upwards.
Reactivating autopickup.
There is a stone staircase leading down here.
A sky beast appears from thin air!
Okay, then.
Okay, then.
Sorry, you're not good enough to have a special ability.
It was a potion of might.
You feel very mighty all of a sudden. The sky beast hits you.
* * * LOW HITPOINT WARNING * * *
The sky beast shocks you.
You die...

#....# ####.....#
#....# #......###
#....####........#
#.......#......#.####
#.......#......#.##..
##..............#.##..
#...............#.##..
#.......>.......#.##..
#....@Y.........#.##..
#..........#......#...
#....###...#....##....
#....# #..............
###### #..##....###...
######..###.........
#.............##....
#.#..............#.#
####.#.##...#######....


You could see a sky beast.

Vanquished Creatures
  A big kobold (D:2)
  A crimson imp (D:3)
  A worker ant (D:2)
  2 adders (D:3)
  A worm (D:2)
  A dart slug (D:1)
  5 leopard geckos
  6 orcs
  5 bats
  2 giant cockroaches
  6 hobgoblins
  3 kobolds
  5 quokkas
  2 ball pythons (D:2)
  6 frilled lizards
  8 goblins
  9 rats
64 creatures vanquished.

Notes
Turn   | Place    | Note
-------+----------+-------------------------------------------
     0 | D:1      | Kagalorn the Halfling Hunter began the quest for the Orb.
     0 | D:1      | Reached XP level 1. HP: 14/14 MP: 1/1
    34 | D:1      | You fall into a shaft and drop 1 floor!
    38 | D:2      | Reached skill level 6 in Slings
    88 | D:1      | Reached XP level 2. HP: 7/19 MP: 2/2
   520 | D:1      | Reached XP level 3. HP: 15/24 MP: 3/3
  1327 | D:2      | Reached skill level 7 in Slings
  1399 | D:2      | Reached XP level 4. HP: 23/29 MP: 4/4
  1658 | D:2      | Noticed a big kobold
  1838 | D:2      | Killed a big kobold
  1838 | D:2      | Reached skill level 8 in Slings
  1838 | D:2      | Reached XP level 5. HP: 24/34 MP: 5/5
  2550 | D:3      | Noticed a sky beast
  2712 | D:3      | Reached XP level 6. HP: 19/39 MP: 6/6
  2789 | D:2      | HP: 1/39 [sky beast (4)]
  2789 | D:2      | Slain by a sky beast

Levels and vault maps discovered:
D:1:      dpeg_arrival_chase, layout_basic
D:2:      layout_basic
D:3:      minmay_octagon_keep, layout_loops_ring, grunt_decor_clamped

Skill      XL: |  1  2  3  4 |
---------------+-------------+-----
Slings         | 6 7 8 |  8.6
Fighting       | 2 |  2.0
Stealth        | 2 |  2.5
Dodging        | 3 |  3.7

Action                   |  1- 3 |  4- 6 || total
-------------------------+-------+-------++-------
Melee: Short sword       |   113 |   156 ||   269
 Fire: Hunting sling     |    14 |    38 ||    52
  Use: Potion            |       |     1 ||     1
 Stab: Sleeping          |     1 |     3 ||     4
       Distracted        |       |     1 ||     1
  Eat: Chunk             |     2 |     4 ||     6
Armor: Leather armour    |    17 |    20 ||    37
       Scale mail        |       |    20 ||    20
Dodge: Dodged            |    86 |   132 ||   218

Table legend:
 A = Non-vault XP
 B = Vault XP
 C = Vault XP percentage of total XP
 D = Non-vault monster count
 E = Vault monster count
 F = Vault count percentage of total count
                 A         B        C        D         E       F
            +---------+---------+-------+---------+---------+-------
      Total |     269 |      52 |  16.2 |      62 |       2 |   3.1
            +---------+---------+-------+---------+---------+-------
        D:1 |      38 |       0 |   0.0 |      22 |       0 |   0.0
        D:2 |     173 |       0 |   0.0 |      23 |       0 |   0.0
        D:3 |      58 |      52 |  47.3 |      17 |       2 |  10.5
            +---------+---------+-------+---------+---------+-------
